Devils vs Lightning

Created - January-24-13 at 17:22

Goals
1 2 3 OT1 SO T
Devils 0 0 0 0 0 0
Lightning 0 0 0 0 1 1
Shots
1 2 3 OT1 SO T
Devils 4 4 4 2 3 14
Lightning 10 7 6 1 3 24

1st period

No Goal

Penalties :
Nikita Nikitin (NJD) for Hooking (Minor) at 2:57, Lubomir Visnovsky (NJD) for Hooking (Minor) at 4:59

2nd period

No Goal

Penalties :
Scott Hartnell (TBL) for High sticking (Double Minor) at 5:09, Vladimir Sobotka (NJD) for Roughing (Double Minor) at 10:25

3rd period

No Goal

Penalties :
Scott Hartnell (TBL) for Hooking (Minor) at 0:53, Brad Stuart (NJD) for Holding (Minor) at 4:52

Overtime #1

No Goal

Penalties :
No Penalty

Shootout

Penalty Shot by James van Riemsdyk for Devils - Stopped by Jaroslav Halak
Penalty Shot by Martin St. Louis for Lightning - Shot Misses the Net
Penalty Shot by Tim Connolly for Devils - Shot Misses the Net
Penalty Shot by Patrick Sharp for Lightning - Stopped by Steve Mason
Penalty Shot by Mark Letestu for Devils - Stopped by Jaroslav Halak
Penalty Shot by Patrick Kane for Lightning - Goal!

Penalties :
No Penalty

Goalie Stats

Steve Mason (NJD), 24 saves from 24 shots - (1.000), OTL, 13-23-6, 65:00 minutes
Jaroslav Halak (TBL), 14 saves from 14 shots - (1.000), W, 9-10-1, 65:00 minutes

Players Stats for Devils

Player Name              G  A  P  +/- PIM S  H  SB GA TA FO     MP     PP MP  PK MP  
------------------------------------------------------------------------------------
Artem Anisimov           0  0  0   0  0   1  0  0  0  0  5/10   14:41   2:20   0:00 
Brad Stuart              0  0  0   0  2   3  1  4  0  0  0/0    24:49   3:19   4:06 
James van Riemsdyk       0  0  0   0  0   0  1  0  0  0  0/0    14:46   2:38   0:00 
Jordan Leopold           0  0  0   0  0   0  0  0  0  0  0/0    24:04   3:19   5:16 
Josh Bailey              0  0  0   0  0   3  0  0  0  0  2/3    12:41   3:20   0:00 
Lubomir Visnovsky        0  0  0   0  2   2  0  3  0  0  0/0    21:40   2:39   0:40 
Marcel Goc               0  0  0   0  0   0  0  0  0  0  10/24  18:23   0:00   5:12 
Mark Letestu             0  0  0   0  0   1  0  0  0  0  1/2    14:46   2:38   0:00 
Matt DAgostini           0  0  0   0  0   1  0  0  0  0  0/0    11:53   0:00   2:32 
Matthew Lombardi         0  0  0   0  0   0  0  0  0  0  0/1    13:29   1:00   1:03 
Nikita Nikitin           0  0  0   0  2   1  1  0  0  0  0/0    16:29   2:39   0:30 
Niklas Hjalmarsson       0  0  0   0  0   2  1  0  0  0  0/0    20:16   0:00   4:40 
Patrick Eaves            0  0  0   0  0   0  1  0  0  0  0/0    16:35   0:00   3:52 
R.J. Umberger            0  0  0   0  0   0  2  0  0  0  0/1    16:49   2:38   0:00 
Roman Hamrlik            0  0  0   0  0   0  1  3  0  0  0/0    22:39   0:00   4:40 
Saku Koivu               0  0  0   0  0   0  0  0  0  0  13/26  21:12   3:20   3:41 
Tim Connolly             0  0  0   0  0   0  1  0  0  0  0/1    14:21   0:00   0:10 
Vladimir Sobotka         0  0  0   0  4   0  0  0  0  0  3/9    10:27   0:00   3:22 

Players Stats for Lightning

Player Name              G  A  P  +/- PIM S  H  SB GA TA FO     MP     PP MP  PK MP  
------------------------------------------------------------------------------------
Andrej Meszaros          0  0  0   0  0   1  1  0  0  0  0/0    24:24   5:06   1:52 
Andrew Brunette          0  0  0   0  0   0  0  0  0  0  1/1     7:43   0:00   0:50 
Brent Seabrook           0  0  0   0  0   2  3  1  0  0  0/0    26:54   4:50   3:25 
Eric Nystrom             0  0  0   0  0   0  2  0  0  0  1/1    11:08   0:00   0:00 
Jaroslav Spacek          0  0  0   0  0   1  0  1  0  0  0/0    13:12   0:00   0:29 
Josh Gorges              0  0  0   0  0   1  1  1  0  0  0/0    26:16   5:06   2:47 
Marek Zidlicky           0  0  0   0  0   1  0  0  0  0  0/0    23:30   4:50   0:00 
Martin Havlat            0  0  0   0  0   2  0  0  0  0  1/1    19:03   4:34   0:00 
Martin St. Louis         0  0  0   0  0   1  0  0  0  0  1/2    23:52   5:22   1:54 
Mike Knuble              0  0  0   0  0   1  0  0  0  0  0/0     6:31   0:00   0:00 
Nick Spaling             0  0  0   0  0   1  0  0  0  0  2/3     9:45   0:00   3:14 
Patrick Kane             0  0  0   0  0   4  0  0  0  0  0/0    19:49   5:22   0:00 
Patrick Sharp            0  0  0   0  0   2  4  0  0  0  6/19   20:11   5:22   0:00 
Paul Stastny             0  0  0   0  0   2  1  0  0  0  21/31  20:55   4:34   2:44 
Scott Hartnell           0  0  0   0  6   3  2  0  0  0  0/0    16:32   4:34   0:00 
Teddy Purcell            0  0  0   0  0   0  0  0  0  0  0/0    11:08   0:00   0:00 
Tim Gleason              0  0  0   0  0   1  2  0  0  0  0/0    15:44   0:00   3:23 
Tomas Plekanec           0  0  0   0  0   1  0  0  0  0  10/19  17:23   0:00   3:14 

3 Stars

1 - Steve Mason (NJD)
2 - Jaroslav Halak (TBL)
3 - Patrick Sharp (TBL)

Power Play

Devils - 0 on 3 Attempt(s) - 0.00%
Lightning - 0 on 5 Attempt(s) - 0.00%

Penalty Kill

Devils - 5 on 5 Attempt(s) - 100.00% - Score 0 goal in Penalty Kill
Lightning - 3 on 3 Attempt(s) - 100.00% - Score 0 goal in Penalty Kill

Official

Referees : Tim Peel and Frederick L'Ecuyer
Linesman : Pierre Racicot and Tim Nowak

Game Notes

No Game Note

Finance

Level 1 -- Attendance: 4690 (72.15%) -- Ticket Income $633,150
Level 2 -- Attendance: 3942 (78.84%) -- Ticket Income $374,490
Level 3 -- Attendance: 2504 (71.54%) -- Ticket Income $175,280
Level 4 -- Attendance: 3089 (82.20%) -- Ticket Income $123,560
Luxury Box -- Attendance: 637 (63.70%) -- Ticket Income $222,950
Game was played at the St.Pete Times Forum
Total Attendance: 14862 (75.22%)
Total Ticket Income: $1,529,430
Other Income: $229,414
Total Income: $1,758,844


% Time on Ice - Devils

Lines # - Real PCT - Wanted PCT - Time Play
Normal Forward
1 - 32% - 35% - 14:11
2 - 28% - 30% - 12:08
3 - 24% - 20% - 10:41
4 - 16% - 15% - 7:06
Normal Defense
1 - 34% - 35% - 14:53
2 - 34% - 35% - 14:56
3 - 30% - 20% - 13:06
4 - 3% - 10% - 1:11
PP Forward
1 - 56% - 60% - 3:20
2 - 44% - 40% - 2:38
PP Defense
1 - 44% - 60% - 2:39
2 - 56% - 40% - 3:19
PK Forward
1 - 65% - 55% - 6:29
2 - 35% - 45% - 3:27
PK Defense
1 - 47% - 55% - 4:40
2 - 53% - 45% - 5:16
PK3 Forward
1 - 0% - 50%
2 - 0% - 50%
PK3 Defense
1 - 0% - 50%
2 - 0% - 50%
44 Forward
1 - 55% - 55% - 2:45
2 - 45% - 45% - 2:15
44 Defense
1 - 55% - 55% - 2:45
2 - 45% - 45% - 2:15
Last Minute Offensive  - 0:00
Last Minute Defensive  - 0:00
Total
Forward - 65:00
Defense - 65:00

% Time on Ice - Lightning

Lines # - Real PCT - Wanted PCT - Time Play
Normal Forward
1 - 33% - 35% - 14:27
2 - 27% - 30% - 12:00
3 - 25% - 25% - 11:08
4 - 15% - 10% - 6:31
Normal Defense
1 - 37% - 40% - 16:11
2 - 29% - 30% - 12:51
3 - 28% - 20% - 12:21
4 - 6% - 10% - 2:43
PP Forward
1 - 54% - 60% - 5:22
2 - 46% - 40% - 4:34
PP Defense
1 - 49% - 60% - 4:50
2 - 51% - 40% - 5:06
PK Forward
1 - 46% - 50% - 2:44
2 - 54% - 50% - 3:14
PK Defense
1 - 68% - 60% - 4:05
2 - 32% - 40% - 1:53
PK3 Forward
1 - 0% - 50%
2 - 0% - 50%
PK3 Defense
1 - 0% - 60%
2 - 0% - 40%
44 Forward
1 - 57% - 60% - 2:51
2 - 43% - 40% - 2:09
44 Defense
1 - 50% - 60% - 2:29
2 - 50% - 40% - 2:31
Last Minute Offensive  - 0:00
Last Minute Defensive  - 0:00
Total
Forward - 65:00
Defense - 65:00

Play by Play

1st period


0:01 of 1st period - Patrick Sharp wins face-off versus Saku Koivu in neutral zone.
0:05 of 1st period - Icing by Brad Stuart.
0:06 of 1st period - Tomas Plekanec wins face-off versus Saku Koivu in Devils zone.
0:10 of 1st period - Icing by Jordan Leopold.
0:11 of 1st period - Paul Stastny wins face-off versus Saku Koivu in Devils zone.
0:44 of 1st period - Off-side.
0:45 of 1st period - Patrick Sharp wins face-off versus Artem Anisimov in neutral zone.
0:52 of 1st period - Shot by Patrick Sharp.
0:52 of 1st period - Shot Blocked by Roman Hamrlik.
1:17 of 1st period - Shot by Martin St. Louis.
1:17 of 1st period - Shot Misses the Net.
1:50 of 1st period - Shot by Tomas Plekanec.
1:50 of 1st period - Deflect By Scott Hartnell.
1:50 of 1st period - Shot Misses the Net.
1:52 of 1st period - Shot by Josh Gorges.
1:52 of 1st period - Shot Misses the Net.
1:54 of 1st period - Shot by Scott Hartnell.
1:54 of 1st period - Shot Misses the Net.
2:11 of 1st period - Scott Hartnell is hit by Nikita Nikitin and loses puck.
2:57 of 1st period - Minor Penalty to Nikita Nikitin for Hooking.
2:58 of 1st period - Saku Koivu wins face-off versus Patrick Sharp in Devils zone.
3:04 of 1st period - Icing by Patrick Sharp.
3:05 of 1st period - Saku Koivu wins face-off versus Patrick Sharp in Lightning zone.
3:11 of 1st period - Icing by Brent Seabrook.
3:12 of 1st period - Marcel Goc wins face-off versus Patrick Sharp in Lightning zone.
3:29 of 1st period - Shot by Patrick Sharp.
3:29 of 1st period - Shot Blocked by Brad Stuart.
3:47 of 1st period - Shot by Patrick Sharp.
3:47 of 1st period - Stopped by Steve Mason without a rebound.
3:48 of 1st period - Marcel Goc wins face-off versus Paul Stastny in Devils zone.
4:05 of 1st period - Shot by Andrej Meszaros.
4:05 of 1st period - Shot Misses the Net.
4:28 of 1st period - Icing by Andrej Meszaros.
4:29 of 1st period - Paul Stastny wins face-off versus Vladimir Sobotka in Lightning zone.
4:59 of 1st period - Minor Penalty to Lubomir Visnovsky for Hooking.
5:00 of 1st period - Patrick Sharp wins face-off versus Saku Koivu in Devils zone.
5:16 of 1st period - Martin St. Louis is hit by Brad Stuart and loses puck.
5:23 of 1st period - Shot by Brent Seabrook.
5:23 of 1st period - Shot Blocked by Brad Stuart.
5:25 of 1st period - Shot by Patrick Sharp.
5:25 of 1st period - Shot Misses the Net.
5:27 of 1st period - Shot by Brent Seabrook.
5:27 of 1st period - Shot Blocked by Brad Stuart.
5:49 of 1st period - Marcel Goc is hit by Patrick Sharp and loses puck.
6:16 of 1st period - Icing by Andrej Meszaros.
6:17 of 1st period - Paul Stastny wins face-off versus Marcel Goc in Lightning zone.
6:21 of 1st period - Off-side.
6:22 of 1st period - Paul Stastny wins face-off versus Marcel Goc in neutral zone.
6:25 of 1st period - Shot by Scott Hartnell.
6:25 of 1st period - Deflect By Paul Stastny.
6:25 of 1st period - Stopped by Steve Mason without a rebound.
6:26 of 1st period - Saku Koivu wins face-off versus Patrick Sharp in Devils zone.
6:37 of 1st period - Shot by Brent Seabrook.
6:37 of 1st period - Stopped by Steve Mason without a rebound.
6:38 of 1st period - Paul Stastny wins face-off versus Saku Koivu in Devils zone.
6:51 of 1st period - Icing by Paul Stastny.
6:52 of 1st period - Marcel Goc wins face-off versus Paul Stastny in Lightning zone.
7:06 of 1st period - Off-side.
7:07 of 1st period - Saku Koivu wins face-off versus Patrick Sharp in neutral zone.
7:15 of 1st period - Patrick Kane is hit by Tim Connolly and loses puck.
7:29 of 1st period - Off-side.
7:30 of 1st period - Artem Anisimov wins face-off versus Paul Stastny in neutral zone.
7:44 of 1st period - Shot by Paul Stastny.
7:44 of 1st period - Stopped by Steve Mason without a rebound.
7:45 of 1st period - Saku Koivu wins face-off versus Tomas Plekanec in Devils zone.
9:03 of 1st period - Roman Hamrlik is hit by Josh Gorges and loses puck.
10:15 of 1st period - Icing by Niklas Hjalmarsson.
10:16 of 1st period - Martin Havlat wins face-off versus Vladimir Sobotka in Devils zone.
10:42 of 1st period - Josh Bailey is hit by Brent Seabrook.
10:44 of 1st period - Shot by Matt DAgostini.
10:44 of 1st period - Stopped by Jaroslav Halak without a rebound.
10:45 of 1st period - Nick Spaling wins face-off versus Saku Koivu in Lightning zone.
11:00 of 1st period - Shot by Mike Knuble.
11:00 of 1st period - Stopped by Steve Mason without a rebound.
11:01 of 1st period - Marcel Goc wins face-off versus Patrick Sharp in Devils zone.
11:22 of 1st period - Shot by Marcel Goc.
11:22 of 1st period - Shot Hit the Post.
12:19 of 1st period - Off-side.
12:20 of 1st period - Paul Stastny wins face-off versus Artem Anisimov in neutral zone.
12:20 of 1st period - Paul Stastny is hit by James van Riemsdyk.
12:40 of 1st period - Icing by Niklas Hjalmarsson.
12:41 of 1st period - Artem Anisimov wins face-off versus Tomas Plekanec in Devils zone.
12:50 of 1st period - Shot by James van Riemsdyk.
12:50 of 1st period - Shot Misses the Net.
12:52 of 1st period - Shot by Niklas Hjalmarsson.
12:52 of 1st period - Stopped by Jaroslav Halak without a rebound.
12:53 of 1st period - Saku Koivu wins face-off versus Paul Stastny in Lightning zone.
13:03 of 1st period - Icing by Brent Seabrook.
13:04 of 1st period - Paul Stastny wins face-off versus Vladimir Sobotka in Lightning zone.
13:11 of 1st period - Shot by Josh Bailey.
13:11 of 1st period - Stopped by Jaroslav Halak without a rebound.
13:12 of 1st period - Tomas Plekanec wins face-off versus Tim Connolly in Lightning zone.
13:12 of 1st period - Tomas Plekanec is hit by R.J. Umberger.
14:09 of 1st period - Off-side.
14:10 of 1st period - Paul Stastny wins face-off versus Artem Anisimov in neutral zone.
14:20 of 1st period - Mark Letestu is hit by Brent Seabrook.
15:31 of 1st period - Shot by Josh Bailey.
15:31 of 1st period - Stopped by Jaroslav Halak without a rebound.
15:32 of 1st period - Saku Koivu wins face-off versus Patrick Sharp in Lightning zone.
16:03 of 1st period - Shot by Patrick Kane.
16:03 of 1st period - Stopped by Steve Mason with a rebound.
16:05 of 1st period - Shot by Patrick Kane.
16:05 of 1st period - Shot Misses the Net.
16:07 of 1st period - Shot by Patrick Kane.
16:07 of 1st period - Shot Blocked by Roman Hamrlik.
16:09 of 1st period - Shot by Patrick Kane.
16:09 of 1st period - Stopped by Steve Mason with a rebound.
16:11 of 1st period - Shot by Josh Gorges.
16:11 of 1st period - Stopped by Steve Mason without a rebound.
16:12 of 1st period - Tomas Plekanec wins face-off versus Marcel Goc in Devils zone.
16:17 of 1st period - Shot by Martin Havlat.
16:17 of 1st period - Stopped by Steve Mason without a rebound.
16:18 of 1st period - Marcel Goc wins face-off versus Tomas Plekanec in Devils zone.
17:26 of 1st period - Icing by Niklas Hjalmarsson.
17:27 of 1st period - Marcel Goc wins face-off versus Paul Stastny in Devils zone.
17:37 of 1st period - Icing by Andrej Meszaros.
17:38 of 1st period - Paul Stastny wins face-off versus Vladimir Sobotka in Lightning zone.
18:46 of 1st period - Shot by Tim Connolly.
18:46 of 1st period - Shot Misses the Net.
19:48 of 1st period - Shot by Martin St. Louis.
19:48 of 1st period - Stopped by Steve Mason without a rebound.
19:49 of 1st period - Tomas Plekanec wins face-off versus Marcel Goc in Devils zone.
19:58 of 1st period - Tomas Plekanec is hit by Patrick Eaves and loses puck.

2nd period


0:01 of 2nd period - Saku Koivu wins face-off versus Patrick Sharp in neutral zone.
0:51 of 2nd period - Icing by Roman Hamrlik.
0:52 of 2nd period - Tomas Plekanec wins face-off versus Saku Koivu in Devils zone.
0:55 of 2nd period - Shot by Martin Havlat.
0:55 of 2nd period - Shot Misses the Net.
1:53 of 2nd period - Off-side.
1:54 of 2nd period - Vladimir Sobotka wins face-off versus Nick Spaling in neutral zone.
2:36 of 2nd period - Shot by Nick Spaling.
2:36 of 2nd period - Stopped by Steve Mason with a rebound.
2:38 of 2nd period - Shot by Nick Spaling.
2:38 of 2nd period - Shot Misses the Net.
4:02 of 2nd period - R.J. Umberger is hit by Andrej Meszaros.
5:09 of 2nd period - Double Minor Penalty to Scott Hartnell for High sticking.
5:10 of 2nd period - Tomas Plekanec wins face-off versus Saku Koivu in Lightning zone.
6:08 of 2nd period - Shot by Nikita Nikitin.
6:08 of 2nd period - Shot Misses the Net.
6:10 of 2nd period - Shot by Lubomir Visnovsky.
6:10 of 2nd period - Shot Blocked by Jaroslav Spacek.
6:12 of 2nd period - Shot by Mark Letestu.
6:12 of 2nd period - Stopped by Jaroslav Halak without a rebound.
6:13 of 2nd period - Mark Letestu wins face-off versus Tomas Plekanec in Lightning zone.
6:24 of 2nd period - Shot by Brent Seabrook.
6:24 of 2nd period - Shot Blocked by Lubomir Visnovsky.
6:26 of 2nd period - Shot by Tim Gleason.
6:26 of 2nd period - Stopped by Steve Mason without a rebound.
6:27 of 2nd period - Tomas Plekanec wins face-off versus R.J. Umberger in Devils zone.
6:44 of 2nd period - Shot by Jordan Leopold.
6:44 of 2nd period - Shot Blocked by Josh Gorges.
7:20 of 2nd period - Shot by Lubomir Visnovsky.
7:20 of 2nd period - Shot Misses the Net.
7:22 of 2nd period - Shot by Nikita Nikitin.
7:22 of 2nd period - Stopped by Jaroslav Halak without a rebound.
7:23 of 2nd period - Saku Koivu wins face-off versus Tomas Plekanec in Lightning zone.
7:32 of 2nd period - Shot by Artem Anisimov.
7:32 of 2nd period - Stopped by Jaroslav Halak without a rebound.
7:33 of 2nd period - Saku Koivu wins face-off versus Martin St. Louis in Lightning zone.
8:07 of 2nd period - Shot by Lubomir Visnovsky.
8:07 of 2nd period - Shot Misses the Net.
8:23 of 2nd period - Shot by Brad Stuart.
8:23 of 2nd period - Stopped by Jaroslav Halak without a rebound.
8:24 of 2nd period - Paul Stastny wins face-off versus Mark Letestu in Lightning zone.
8:24 of 2nd period - Paul Stastny is hit by R.J. Umberger.
8:36 of 2nd period - Shot by Jordan Leopold.
8:36 of 2nd period - Shot Blocked by Brent Seabrook.
9:17 of 2nd period - Shot by Scott Hartnell.
9:17 of 2nd period - Shot Misses the Net.
9:26 of 2nd period - Icing by Roman Hamrlik.
9:27 of 2nd period - Andrew Brunette wins face-off versus Marcel Goc in Devils zone.
10:25 of 2nd period - Double Minor Penalty to Vladimir Sobotka for Roughing.
10:26 of 2nd period - Marcel Goc wins face-off versus Patrick Sharp in Devils zone.
10:53 of 2nd period - Off-side.
10:54 of 2nd period - Paul Stastny wins face-off versus Marcel Goc in neutral zone.
12:02 of 2nd period - Icing by Patrick Kane.
12:03 of 2nd period - Marcel Goc wins face-off versus Patrick Sharp in Lightning zone.
12:20 of 2nd period - Shot by Patrick Sharp.
12:20 of 2nd period - Deflect By Martin St. Louis.
12:20 of 2nd period - Shot Misses the Net.
12:22 of 2nd period - Shot by Patrick Sharp.
12:22 of 2nd period - Shot Blocked by Roman Hamrlik.
12:24 of 2nd period - Shot by Andrej Meszaros.
12:24 of 2nd period - Stopped by Steve Mason without a rebound.
12:25 of 2nd period - Paul Stastny wins face-off versus Matthew Lombardi in Devils zone.
12:26 of 2nd period - Shot by Brent Seabrook.
12:26 of 2nd period - Stopped by Steve Mason without a rebound.
12:27 of 2nd period - Marcel Goc wins face-off versus Paul Stastny in Devils zone.
12:27 of 2nd period - Marcel Goc is hit by Scott Hartnell.
13:24 of 2nd period - Brad Stuart is hit by Patrick Sharp and loses puck.
13:56 of 2nd period - Icing by Martin St. Louis.
13:57 of 2nd period - Martin St. Louis wins face-off versus Marcel Goc in Lightning zone.
14:31 of 2nd period - Shot by Jaroslav Spacek.
14:31 of 2nd period - Stopped by Steve Mason without a rebound.
14:32 of 2nd period - Nick Spaling wins face-off versus Saku Koivu in Devils zone.
14:53 of 2nd period - Shot by Nick Spaling.
14:53 of 2nd period - Shot Blocked by Brad Stuart.
15:00 of 2nd period - Off-side.
15:01 of 2nd period - Artem Anisimov wins face-off versus Tomas Plekanec in neutral zone.
16:31 of 2nd period - Shot by Patrick Sharp.
16:31 of 2nd period - Stopped by Steve Mason without a rebound.
16:32 of 2nd period - Marcel Goc wins face-off versus Paul Stastny in Devils zone.
16:58 of 2nd period - Marcel Goc is hit by Eric Nystrom and loses puck.
17:58 of 2nd period - Shot by Patrick Kane.
17:58 of 2nd period - Shot Misses the Net.
18:26 of 2nd period - Shot by Nick Spaling.
18:26 of 2nd period - Shot Misses the Net.
18:28 of 2nd period - Shot by Marek Zidlicky.
18:28 of 2nd period - Stopped by Steve Mason with a rebound.
19:12 of 2nd period - Shot by Tomas Plekanec.
19:12 of 2nd period - Shot Misses the Net.
19:48 of 2nd period - Jordan Leopold is hit by Eric Nystrom.

3rd period


0:01 of 3rd period - Artem Anisimov wins face-off versus Patrick Sharp in neutral zone.
0:20 of 3rd period - Shot by Patrick Sharp.
0:20 of 3rd period - Shot Misses the Net.
0:22 of 3rd period - Shot by Martin St. Louis.
0:22 of 3rd period - Shot Blocked by Lubomir Visnovsky.
0:24 of 3rd period - Shot by Patrick Kane.
0:24 of 3rd period - Shot Blocked by Lubomir Visnovsky.
0:53 of 3rd period - Minor Penalty to Scott Hartnell for Hooking.
0:54 of 3rd period - Tomas Plekanec wins face-off versus Saku Koivu in Lightning zone.
1:08 of 3rd period - Icing by Saku Koivu.
1:09 of 3rd period - Tomas Plekanec wins face-off versus Saku Koivu in Devils zone.
1:46 of 3rd period - Jordan Leopold is hit by Brent Seabrook and loses puck.
2:17 of 3rd period - Shot by James van Riemsdyk.
2:17 of 3rd period - Shot Misses the Net.
2:19 of 3rd period - Shot by Lubomir Visnovsky.
2:19 of 3rd period - Shot Misses the Net.
2:21 of 3rd period - Shot by Lubomir Visnovsky.
2:21 of 3rd period - Stopped by Jaroslav Halak with a rebound.
2:23 of 3rd period - Shot by Nikita Nikitin.
2:23 of 3rd period - Shot Misses the Net.
2:25 of 3rd period - Shot by Lubomir Visnovsky.
2:25 of 3rd period - Stopped by Jaroslav Halak without a rebound.
2:26 of 3rd period - Paul Stastny wins face-off versus Artem Anisimov in Lightning zone.
2:57 of 3rd period - Icing by Jordan Leopold.
2:58 of 3rd period - Tomas Plekanec wins face-off versus Marcel Goc in Devils zone.
4:02 of 3rd period - Icing by Niklas Hjalmarsson.
4:03 of 3rd period - Artem Anisimov wins face-off versus Patrick Sharp in Devils zone.
4:03 of 3rd period - Artem Anisimov is hit by Patrick Sharp.
4:06 of 3rd period - Nikita Nikitin is hit by Patrick Sharp and loses puck.
4:10 of 3rd period - Off-side.
4:11 of 3rd period - Patrick Sharp wins face-off versus Saku Koivu in neutral zone.
4:49 of 3rd period - Shot by Patrick Kane.
4:49 of 3rd period - Stopped by Steve Mason without a rebound.
4:50 of 3rd period - Paul Stastny wins face-off versus Artem Anisimov in Devils zone.
4:52 of 3rd period - Minor Penalty to Brad Stuart for Holding.
4:53 of 3rd period - Paul Stastny wins face-off versus Marcel Goc in Devils zone.
5:34 of 3rd period - Shot by Scott Hartnell.
5:34 of 3rd period - Stopped by Steve Mason without a rebound.
5:35 of 3rd period - Patrick Sharp wins face-off versus Marcel Goc in Devils zone.
5:44 of 3rd period - Shot by Andrej Meszaros.
5:44 of 3rd period - Shot Misses the Net.
5:46 of 3rd period - Shot by Patrick Kane.
5:46 of 3rd period - Shot Misses the Net.
5:48 of 3rd period - Shot by Andrej Meszaros.
5:48 of 3rd period - Shot Misses the Net.
5:50 of 3rd period - Shot by Josh Gorges.
5:50 of 3rd period - Shot Misses the Net.
6:41 of 3rd period - Shot by Scott Hartnell.
6:41 of 3rd period - Stopped by Steve Mason without a rebound.
6:42 of 3rd period - Saku Koivu wins face-off versus Paul Stastny in Devils zone.
7:32 of 3rd period - Mike Knuble is hit by Roman Hamrlik and loses puck.
7:47 of 3rd period - Lubomir Visnovsky is hit by Tim Gleason and loses puck.
8:28 of 3rd period - Off-side.
8:29 of 3rd period - Paul Stastny wins face-off versus Vladimir Sobotka in neutral zone.
9:36 of 3rd period - Shot by Patrick Kane.
9:36 of 3rd period - Stopped by Steve Mason with a rebound.
9:49 of 3rd period - Martin St. Louis is hit by Niklas Hjalmarsson and loses puck.
10:15 of 3rd period - Niklas Hjalmarsson is hit by Scott Hartnell and loses puck.
10:20 of 3rd period - Shot by Martin Havlat.
10:20 of 3rd period - Shot Misses the Net.
10:22 of 3rd period - Shot by Brent Seabrook.
10:22 of 3rd period - Shot Misses the Net.
10:24 of 3rd period - Shot by Tomas Plekanec.
10:24 of 3rd period - Deflect By Scott Hartnell.
10:24 of 3rd period - Shot Misses the Net.
10:26 of 3rd period - Shot by Tomas Plekanec.
10:26 of 3rd period - Deflect By Scott Hartnell.
10:26 of 3rd period - Stopped by Steve Mason with a rebound.
10:28 of 3rd period - Shot by Tomas Plekanec.
10:28 of 3rd period - Shot Misses the Net.
10:30 of 3rd period - Shot by Tomas Plekanec.
10:30 of 3rd period - Stopped by Steve Mason without a rebound.
10:31 of 3rd period - Paul Stastny wins face-off versus Saku Koivu in Devils zone.
10:36 of 3rd period - Shot by Paul Stastny.
10:36 of 3rd period - Shot Misses the Net.
11:18 of 3rd period - Roman Hamrlik is hit by Paul Stastny and loses puck.
12:26 of 3rd period - Shot by James van Riemsdyk.
12:26 of 3rd period - Shot Misses the Net.
12:28 of 3rd period - Shot by Brad Stuart.
12:28 of 3rd period - Stopped by Jaroslav Halak without a rebound.
12:29 of 3rd period - Patrick Sharp wins face-off versus Marcel Goc in Lightning zone.
14:25 of 3rd period - Shot by Martin Havlat.
14:25 of 3rd period - Shot Misses the Net.
14:36 of 3rd period - Lubomir Visnovsky is hit by Tim Gleason and loses puck.
14:58 of 3rd period - Icing by Marek Zidlicky.
14:59 of 3rd period - Vladimir Sobotka wins face-off versus Paul Stastny in Lightning zone.
15:03 of 3rd period - Icing by Eric Nystrom.
15:04 of 3rd period - Eric Nystrom wins face-off versus Vladimir Sobotka in Lightning zone.
17:18 of 3rd period - Icing by Patrick Sharp.
17:19 of 3rd period - Saku Koivu wins face-off versus Patrick Sharp in Lightning zone.
18:35 of 3rd period - Icing by Brad Stuart.
18:36 of 3rd period - Vladimir Sobotka wins face-off versus Tomas Plekanec in Devils zone.
18:45 of 3rd period - Shot by Josh Bailey.
18:45 of 3rd period - Stopped by Jaroslav Halak without a rebound.
18:46 of 3rd period - Paul Stastny wins face-off versus Marcel Goc in Lightning zone.
19:33 of 3rd period - Icing by Andrej Meszaros.
19:34 of 3rd period - Saku Koivu wins face-off versus Paul Stastny in Lightning zone.

Overtime #1


0:01 of 1st overtime period - Paul Stastny wins face-off versus Marcel Goc in neutral zone.
0:10 of 1st overtime period - Shot by Martin Havlat.
0:10 of 1st overtime period - Shot Misses the Net.
0:12 of 1st overtime period - Shot by Paul Stastny.
0:12 of 1st overtime period - Shot Misses the Net.
1:01 of 1st overtime period - Icing by Josh Gorges.
1:02 of 1st overtime period - Josh Bailey wins face-off versus Tomas Plekanec in Lightning zone.
2:00 of 1st overtime period - Shot by Marcel Goc.
2:00 of 1st overtime period - Shot Misses the Net.
2:53 of 1st overtime period - Shot by Martin Havlat.
2:53 of 1st overtime period - Stopped by Steve Mason without a rebound.
2:54 of 1st overtime period - Paul Stastny wins face-off versus Josh Bailey in Devils zone.
3:54 of 1st overtime period - Off-side.
3:55 of 1st overtime period - Paul Stastny wins face-off versus Marcel Goc in neutral zone.
4:22 of 1st overtime period - Shot by Brad Stuart.
4:22 of 1st overtime period - Stopped by Jaroslav Halak with a rebound.
4:24 of 1st overtime period - Shot by Niklas Hjalmarsson.
4:24 of 1st overtime period - Stopped by Jaroslav Halak without a rebound.
4:25 of 1st overtime period - Josh Bailey wins face-off versus Tomas Plekanec in Lightning zone.

ShootOut


5:00 of 1st overtime period - Penalty Shot by James van Riemsdyk for Devils.
5:00 of 1st overtime period - Stopped by Jaroslav Halak.
5:00 of 1st overtime period - Penalty Shot by Martin St. Louis for Lightning.
5:00 of 1st overtime period - Shot Misses the Net.
5:00 of 1st overtime period - Penalty Shot by Tim Connolly for Devils.
5:00 of 1st overtime period - Shot Misses the Net.
5:00 of 1st overtime period - Penalty Shot by Patrick Sharp for Lightning.
5:00 of 1st overtime period - Stopped by Steve Mason.
5:00 of 1st overtime period - Penalty Shot by Mark Letestu for Devils.
5:00 of 1st overtime period - Stopped by Jaroslav Halak.
5:00 of 1st overtime period - Penalty Shot by Patrick Kane for Lightning.
5:00 of 1st overtime period - Goal by Patrick Kane.


Output by the SimonT Hockey Simulator (STHS) for Stephane Roy -- Original Page W3C XHTML 1.0 Valid
Hockey Simulator - Hockey Simulation - Hockey Manager